 Dungeon Crawl Stone Soup version 0.22-a0-352-gc608dd7 (webtiles) character file.

9232 Amnesiac the Thaumaturge (level 11, -5/79 HPs)
             Began as a Mummy Earth Elementalist on Apr 15, 2018.
             Was an Initiate of Gozag.
             Slain by a wight
             ... wielding a cursed +4 spear
              (7 damage)
             ... on level 11 of the Dungeon.
             The game lasted 00:17:41 (11151 turns).

Amnesiac the Thaumaturge (MuEE)                    Turns: 11151, Time: 00:17:42

Health: -5/79      AC:  6    Str: 16    XL:     11   Next: 20%
Magic:  15/26      EV: 20    Int: 17    God:    Gozag
Gold:   726        SH:  0    Dex: 19    Spells: 13/32 levels left

rFire    . . .     SeeInvis .   a - +4 dagger (venom)
rCold    . . .     Gourm    .   (no shield)
rNeg     + + +     Faith    +   e - +0 leather armour
rPois    ∞         Spirit   .   c - +0 helmet
rElec    .         Reflect  .   p - +0 cloak
rCorr    .         Harm     .   (no gloves)
MR       ++...                  d - +0 pair of boots
Stlth    +++.......             o - amulet of faith
HPRegen  0.23/turn              n - ring of protection from magic
MPRegen  0.20/turn              r - ring of fire

@: mighty, agile, slowed, very slow
A: no food or potions, fire vulnerability, cold resistance 1, negative energy
resistance 3, torment resistance, unbreathing
a: Potion Petition, Call Merchant, Bribe Branch, Renounce Religion


You were on level 11 of the Dungeon.
You worshipped Gozag.
Gozag was pleased with you.
You were not hungry.

You visited 2 branches of the dungeon, and saw 12 of its levels.

You collected 1790 gold pieces.
You paid 1064 gold pieces to Gozag.

Inventory:

Hand Weapons
 a - a +4 dagger of venom (weapon)
 b - a +0 blowgun
Missiles
 j - 72 poisoned needles
 s - 4 throwing nets
 z - 115 stones (quivered)
Armour
 c - a +0 helmet (worn)
 d - a +0 pair of boots (worn)
 e - a +0 leather armour (worn)
 p - a +0 cloak (worn)
Magical Staves
 m - an uncursed staff of fire {unknown}
Jewellery
 n - a ring of protection from magic (left hand)
 o - an amulet of faith (around neck)
 r - a ring of fire (right hand)
Wands
 k - a wand of flame (52)
 t - a wand of digging (22)
 w - a wand of scattershot (6)
 x - a wand of clouds (6)
 A - a wand of enslavement (11)
 B - a wand of acid (9)
Scrolls
 f - 3 scrolls of teleportation {!r, unknown}
 g - 2 scrolls of amnesia {!r}
 h - 5 scrolls of remove curse {!r}
 i - 3 scrolls of noise {!r}
 l - a scroll of fear {!r}
 q - 2 scrolls of enchant armour {!r}
 u - 2 scrolls of magic mapping {!r, unknown}
 v - 5 scrolls of identify {!r}
 y - a scroll of immolation {!r, unknown}
 C - a scroll of brand weapon {!r, unknown}
 D - a scroll of fog {!r, unknown}
 E - a scroll of vulnerability {!r, unknown}


   Skills:
 - Level 5.0 Fighting
 - Level 5.0 Dodging
 - Level 1.5 Stealth
 + Level 11.1 Spellcasting
 - Level 0.7 Transmutations
 * Level 11.0 Earth Magic


You had 13 spell levels left.
You knew the following spells:

 Your Spells              Type           Power        Failure   Level  Hunger
a - Sandblast             Erth           #####.       1%          1    N/A
b - Passwall              Tmut/Erth      ####......   1%          2    N/A
c - Stone Arrow           Conj/Erth      ####..       2%          3    N/A
d - Lee's Rapid Deconstr  Erth           #####.....   2%          5    N/A
e - Petrify               Tmut/Erth      ####....     9%          4    N/A
f - Summon Lightning Spi  Summ/Air       #.......     67%         4    N/A

Dungeon Overview and Level Annotations

Branches:
Dungeon (11/15)            Temple (1/1) D:5            Lair (0/6) D:10
    Orc: D:9-12

Altars:
Ashenzari
Cheibriados
Dithmenos
Elyvilon
Fedhas
Gozag
Hepliaklqana
Kikubaaqudgha
Makhleb
Nemelex Xobeh
Okawaru
Qazlal
Ru
Sif Muna
Trog
Uskayaw
Vehumet
Wu Jian
Xom
Yredelemnul
Zin
The Shining One

Annotations:
D:4 Edmund


Innate Abilities, Weirdness & Mutations

You do not eat or drink.
Your flesh is vulnerable to fire.
You are immune to poison.
Your flesh is cold resistant. (rC+)
You are immune to negative energy. (rN+++)
You are immune to unholy pain and torment.
You can survive without breathing.


Message History

The wraith is moderately damaged.
The blast of rock fragments hits the two-headed ogre.
The two-headed ogre is severely wounded.
You hear an angry hiss.
The wraith closely misses you. The wraith hits you.
* * * LOW HITPOINT WARNING * * *
The wraith drains your vigour!
You feel as though you will be slow longer.
Unknown command.
Casting: Lee's Rapid Deconstruction (safe; 3% risk of failure)
Confirm with . or Enter, or press ? or * to list all spells.
Aiming: Lee's Rapid Deconstruction (safe; 3% risk of failure)
Press: ? - help, Dir - move target cursor The wall shatters!
The blast of rock fragments hits the wraith.
The wraith is heavily damaged.
The blast of rock fragments hits the wight.
You destroy the wight!
The blast of rock fragments hits the wraith.
The wraith is almost destroyed.
The blast of rock fragments hits the two-headed ogre.
You kill the two-headed ogre!
Your Spellcasting skill increases to level 11!
Your Earth Magic skill increases to level 11!
The wraith hits you but does no damage.
The wight is distracted by the nearby gold.
Unknown command.
The wraith completely misses you.
You hear the brisk ticking of a distant clock.
The wraith closely misses you.
The wight is distracted by the nearby gold.
The wraith misses you. The wraith misses you. The wraith completely misses you.
Casting: Lee's Rapid Deconstruction (safe; 2% risk of failure)
Confirm with . or Enter, or press ? or * to list all spells.
Aiming: Lee's Rapid Deconstruction (safe; 2% risk of failure)
Press: ? - help, Dir - move target cursor The wall shatters!
The blast of rock fragments hits the wraith.
You destroy the wraith!
The blast of rock fragments hits the wraith.
The wraith is severely damaged.
The blast of rock fragments hits the wight.
The wight is severely damaged.
The wraith hits you but does no damage. The wraith barely misses you.
Unknown command.
You start to feel less resistant.
The wraith barely misses you. The wight completely misses you.
You see here a scroll labeled FIACUE ADEECI {!r}.
You barely miss the wight. The wight completely misses you.
The wraith closely misses you. The wight barely misses you. x2
The wight misses you. The wight completely misses you. The wraith hits you!
* * * LOW HITPOINT WARNING * * *
The wraith drains your vigour!
You feel as though you will be slow longer.
The wight hits you with a battleaxe.
* * * LOW HITPOINT WARNING * * *
Your resistance to elements expires.
The wight barely misses you. The wight hits you with a dire flail!
* * * LOW HITPOINT WARNING * * *
The wight hits you from afar with an enchanted spear!
You die...
Your body crumbles into a pile of gold.

#....# ... #....# #...
$ $ #..#.# .... $ $
#....####.... $ $
##$.....z.....
###l.#..........
##...######.z#### ..#
##Wz.## ##..#
#..##@z?## #.$##
#.....z########.z#
##..........##..##
..............z..#
...........)$$....#
..........$).?........
..........<$....#......
............$...#......
.........$.....##.....


You could see a wraith, an iguana and 3 wights.

Vanquished Creatures
  2 two-headed ogres
  Pikel (D:6)
  3 trolls (D:9)
  Grinder (D:6)
  Prince Ribbit (D:6)
  A hippogriff (D:10)
  Sigmund (D:6)
  A wraith (D:11)
  A wyvern (D:8)
  6 yaks
  A steam dragon (D:10)
  A hungry ghost (D:8)
  2 orc warriors
  6 ice beasts
  2 phantoms
  3 sky beasts
  8 ogres
  3 centaurs
  Blork the orc (D:6)
  3 bullfrogs (D:10)
  4 scorpions
  4 killer bees (D:9)
  11 wights
  2 howler monkeys
  5 crimson imps
  A centaur zombie (D:9)
  A bullfrog zombie (D:7)
  A quasit (D:9)
  6 hounds
  A jelly (D:6)
  Crazy Yiuf (D:2)
  4 orc priests
  10 orc wizards
  2 bullfrog skeletons
  3 centaur skeletons
  11 worker ants
  7 gnolls
  7 adders
  3 shadow imps
  3 oozes
  6 worms
  2 dart slugs
  9 leopard geckos
  37 orcs
  5 giant cockroaches
  8 goblins
  11 hobgoblins
  11 jackals
  6 kobolds
  3 quokkas
  A ball python (D:5)
  4 bats
  4 frilled lizards
  A leopard gecko zombie (D:7)
  4 rats
247 creatures vanquished.

Vanquished Creatures (others)
  3 slaves (D:6)
  A centaur skeleton (D:6)
4 creatures vanquished.

Grand Total: 251 creatures vanquished

Notes
Turn   | Place    | Note
-------+----------+-------------------------------------------
     0 | D:1      | Amnesiac the Mummy Earth Elementalist began the quest for the Orb.
     0 | D:1      | Reached XP level 1. HP: 13/13 MP: 4/4
     6 | D:1      | Noticed a basilisk
     6 | D:1      | Noticed a tyrant leech
     6 | D:1      | Noticed a soldier ant
     6 | D:1      | Noticed a yaktaur captain
   158 | D:1      | Reached XP level 2. HP: 19/19 MP: 3/5
   444 | D:1      | Learned a level 2 spell: Passwall
   547 | D:1      | Reached XP level 3. HP: 24/24 MP: 4/7
   864 | D:1      | Learned a level 3 spell: Stone Arrow
   873 | D:2      | You fall through a shaft!
   907 | D:3      | Reached XP level 4. HP: 27/30 MP: 2/9
   931 | D:3      | Learned a level 4 spell: Petrify
  1200 | D:2      | Found a glowing golden altar of the Shining One.
  1247 | D:4      | Noticed an ogre
  1274 | D:4      | Killed an ogre
  1274 | D:4      | Reached XP level 5. HP: 26/35 MP: 7/11
  1362 | D:4      | HP: 1/35 [gnoll (8)]
  1657 | D:4      | Noticed an ogre
  1666 | D:4      | Killed an ogre
  1666 | D:4      | Reached skill level 5 in Spellcasting
  1666 | D:4      | Reached skill level 5 in Earth Magic
  1666 | D:4      | Reached XP level 6. HP: 22/41 MP: 6/13
  2210 | D:4      | Reached XP level 7. HP: 46/46 MP: 10/15
  2597 | D:4      | Noticed Edmund
  2857 | D:5      | Entered Level 5 of the Dungeon
  2927 | D:5      | Learned a level 5 spell: Lee's Rapid Deconstruction
  3094 | D:5      | Got a jewelled chain mail
  3167 | D:5      | Found a staircase to the Ecumenical Temple.
  3227 | Temple   | Entered the Ecumenical Temple
  3408 | Temple   | Became a worshipper of Gozag Ym Sagoz the Greedy
  3597 | D:2      | Found a runed door.
  3637 | D:2      | Noticed Crazy Yiuf
  3639 | D:2      | Killed Crazy Yiuf
  3659 | D:2      | Identified the +3 chain mail of Darkness {MR+} (You found it on level 5 of the Dungeon)
  4548 | D:5      | Learned a level 4 spell: Summon Lightning Spire
  4815 | D:5      | Found a radiant altar of Vehumet.
  4910 | D:6      | Reached XP level 8. HP: 52/52 MP: 1/18
  4926 | D:6      | Noticed Blork the orc
  4984 | D:6      | Killed Blork the orc
  5043 | D:6      | Noticed Sigmund
  5068 | D:6      | Killed Sigmund
  5079 | D:6      | Found a deep blue altar of Sif Muna.
  5368 | D:6      | Noticed Pikel
  5398 | D:6      | Killed Pikel
  5398 | D:6      | Reached XP level 9. HP: 36/57 MP: 3/21
  5414 | D:6      | Found a stormy altar of Qazlal.
  5695 | D:6      | Noticed Prince Ribbit
  5701 | D:6      | Killed Prince Ribbit
  6076 | D:7      | Found a shadowy altar of Dithmenos.
  6540 | D:7      | Noticed a two-headed ogre
  6572 | D:6      | Noticed Grinder
  6590 | D:6      | Killed Grinder
  6694 | D:7      | Killed a two-headed ogre
  6694 | D:7      | Reached skill level 10 in Spellcasting
  6694 | D:7      | Reached skill level 10 in Earth Magic
  6694 | D:7      | Reached XP level 10. HP: 49/63 MP: 17/24
  8493 | D:9      | Reached skill level 1 in Fighting
  9403 | D:9      | Found a sparkling altar of Nemelex Xobeh.
  9406 | D:9      | Found a shattered altar of Ashenzari.
  9663 | D:10     | Entered Level 10 of the Dungeon
  9683 | D:9      | Reached skill level 5 in Dodging
  9836 | D:9      | Reached skill level 5 in Fighting
 10122 | D:10     | Reached XP level 11. HP: 63/79 MP: 1/25
 10669 | D:10     | Found a staircase to the Lair.
 11069 | D:11     | Noticed a two-headed ogre
 11130 | D:11     | Noticed a two-headed ogre
 11139 | D:11     | Killed a two-headed ogre
 11151 | D:11     | HP: 2/79 [wight/dire flail (12)]
 11151 | D:11     | Slain by a wight

Vault maps used:
D:1:      onia_arrival_zoo_common, serial_forest,
          infiniplex_forest_clump_curved, infiniplex_forest_clump_double,
          infiniplex_forest_zigzag_2, infiniplex_forest_clump_long,
          infiniplex_forest_clump_diagonal, infiniplex_forest_clump_C,
          infiniplex_forest_lined_room_3, infiniplex_forest_lined_3,
          infiniplex_forest_straight_4, infiniplex_forest_clump_large,
          minmay_tripent
D:2:      lemuel_round_altar, st_stairs_1, due_unseen_surprise,
          uniq_crazy_yiuf_cottage
D:3:      serial_park_tiny_2
D:4:      uniq_edmund
D:5:      minmay_temple_entry_enclosed_plants, basic_altar, first_ration
D:6:      lemuel_crystal_altar, basic_altar, uniq_blork_the_orc, uniq_sigmund,
          uniq_grinder, uniq_prince_ribbit1, uniq_pikel
D:7:      nicolae_dithmenos_shadow_blocks
D:8:      grunt_ogre_cave
D:9:      minitemple
D:10:     dpeg_oklobed_lair, hangedman_decor_lopped
D:11:     serial_shops, nicolae_shop_trees, nicolae_trove_entry_path_of_doom,
          lab_entry_generic, minmay_misc_feat_five, uniq_josephine, uniq_grum,
          uniq_psyche
Temple:   regret_index_temple_mists

Skill      XL: |  1  2  3  4  5  6  7  8  9 10 11 |
---------------+----------------------------------+-----
Spellcasting   | 3 4 5 6 8 10 11 | 11.1
Earth Magic    | 3 4 5 6 8 10 11 | 11.0
Dodging        | 5 |  5.0
Fighting       | 5 |  5.0
Stealth        | |  1.5
Transmutations | |  0.7

Action                   |  1- 3 |  4- 6 |  7- 9 | 10-12 || total
-------------------------+-------+-------+-------+-------++-------
Melee: Dagger            |     1 |     1 |    78 |   149 ||   229
Throw: Stone             |       |       |     1 |       ||     1
 Cast: Sandblast         |    52 |    71 |   151 |    11 ||   285
       Passwall          |     1 |       |     5 |     3 ||     9
       Lee's Rapid Decon |       |       |     9 |    84 ||    93
       Petrify           |       |       |     8 |    12 ||    20
Invok: Potion Petition   |       |       |     1 |     1 ||     2
  Use: Scroll            |       |       |     6 |     1 ||     7
 Stab: Sleeping          |     1 |     1 |       |       ||     2
       Petrified         |       |       |    44 |    26 ||    70
       Distracted        |       |       |     1 |     1 ||     2
       Petrifying        |       |       |       |     1 ||     1
Armor: Robe              |     3 |     9 |     3 |       ||    15
       Leather armour    |       |       |    11 |    50 ||    61
Dodge: Dodged            |     3 |    26 |    48 |   135 ||   212

Table legend:
 A = Spawn XP
 B = Non-spawn XP
 C = Spawn XP percentage of total XP
 D = Spawn monster count
 E = Non-spawn monster count
 F = Spawn count percentage of total count
 G = Total turns spent on level
                    A         B        C        D         E        F      G
               +---------+---------+-------+---------+---------+-------+---------
         Total |       0 |   13189 |   0.0 |       0 |     247 |   0.0 | 11151
               +---------+---------+-------+---------+---------+-------+---------
           D:1 |       0 |      67 |   0.0 |       0 |      31 |   0.0 |   867
           D:2 |       0 |      68 |   0.0 |       0 |      13 |   0.0 |   631
           D:3 |       0 |      87 |   0.0 |       0 |      14 |   0.0 |   919
           D:4 |       0 |     652 |   0.0 |       0 |      29 |   0.0 |  1491
           D:5 |       0 |     551 |   0.0 |       0 |      17 |   0.0 |   799
           D:6 |       0 |    2623 |   0.0 |       0 |      34 |   0.0 |  1040
           D:7 |       0 |    1663 |   0.0 |       0 |      20 |   0.0 |   912
           D:8 |       0 |    1719 |   0.0 |       0 |      26 |   0.0 |  1409
           D:9 |       0 |    3266 |   0.0 |       0 |      36 |   0.0 |  1840
          D:10 |       0 |    1219 |   0.0 |       0 |      18 |   0.0 |   955
          D:11 |       0 |    1274 |   0.0 |       0 |       9 |   0.0 |    91
               +---------+---------+-------+---------+---------+-------+---------
